 Dungeon Crawl Stone Soup version 0.25.0-26-g0c896c7088 (webtiles) character file.

Game seed: 332255638564478051

22398 Revguard the Frost Mage (level 13, -6/135 HPs)
             Began as a Human Ice Elementalist on July 3, 2020.
             Was a Believer of Sif Muna.
             Mangled by Snorg (19 damage)
             ... on level 11 of the Dungeon.
             The game lasted 00:45:38 (12747 turns).

Revguard the Frost Mage (Human Ice Elementalist)   Turns: 12747, Time: 00:45:39

Health: -6/135     AC: 16    Str: 11    XL:     13   Next: 27%
Magic:  0/24       EV: 20    Int: 19    God:    Sif Muna [**....]
Gold:   101        SH:  0    Dex: 19    Spells: 6/27 levels left

rFire    . . .     SeeInvis .   t - +8 scythe (pain)
rCold    . . .     Gourm    .   (shield currently unavailable)
rNeg     . . .     Faith    .   H - +1 troll leather armour
rPois    .         Spirit   +   i - +1 helmet
rElec    +         Reflect  .   (no cloak)
rCorr    .         Harm     .   A - +0 pair of gloves
MR       .....                  g - +0 pair of boots
Stlth    ..........             f - amulet of guardian spirit
HPRegen  0.72/turn              x - +6 ring of dexterity
MPRegen  0.19/turn              B - +4 ring of evasion

@: berserking, icy armour, frozen ramparts, lightly drained, very quick
A: camouflage 1, blink, electricity resistance
a: Blink, Channel Magic, Renounce Religion


You were on level 11 of the Dungeon.
You worshipped Sif Muna.
Sif Muna was pleased with you.
You were not hungry.

You visited 2 branches of the dungeon, and saw 12 of its levels.

You collected 751 gold pieces.
You spent 650 gold pieces at shops.

Inventory:

Hand Weapons
 t - a +8 scythe of pain (weapon)
Armour
 g - a +0 pair of boots (worn)
 i - a +1 helmet (worn)
 A - a +0 pair of gloves (worn)
 H - a +1 troll leather armour (worn)
Magical Staves
 m - an uncursed staff of summoning
Jewellery
 f - an amulet of guardian spirit (around neck)
 p - an uncursed amulet of magic regeneration
 w - an uncursed ring of positive energy
 x - a +6 ring of dexterity (left hand)
 z - an uncursed ring of flight
 B - a +4 ring of evasion (right hand)
 G - an uncursed ring of protection from magic
Wands
 k - a wand of random effects (21)
 q - a wand of flame (41)
 u - a wand of paralysis (10)
Scrolls
 b - 3 scrolls of remove curse
 d - 9 scrolls of teleportation
 n - 3 scrolls of amnesia
 y - a scroll of immolation
 C - 3 scrolls of identify
 F - a scroll of magic mapping
Potions
 e - a potion of might
 j - 2 potions of flight
 l - a potion of invisibility
 o - a potion of ambrosia
 r - 2 potions of curing
 v - a potion of haste
Comestibles
 a - 2 chunks of flesh
 c - 24 rations


   Skills:
 + Level 4.9(4.8) Fighting
   Level 1.2(2.0) Maces & Flails
 + Level 8.6(8.7) Polearms
 + Level 2.7(6.0) Staves
 + Level 6.3(6.2) Dodging
 + Level 5.0(4.9) Stealth
 + Level 0.2(0.0) Unarmed Combat
 + Level 7.5(7.3) Spellcasting
 + Level 5.8(5.6) Conjurations
 + Level 4.1(4.0) Hexes
 * Level 6.2(6.0) Charms
 + Level 2.7(2.6) Translocations
 + Level 9.2(9.0) Ice Magic
 * Level 4.2(4.1) Air Magic
 + Level 2.9(2.8) Evocations


You had 6 spell levels left.
You knew the following spells:

 Your Spells              Type           Power        Failure   Level  Hunger
b - Frozen Ramparts       Ice            #####.       1%          3    #......
c - Hailstorm             Conj/Ice       #####...     6%          4    ###....
d - Ozocubu's Armour      Chrm/Ice       #####...     1%          3    #......
e - Static Discharge      Conj/Air       ####....     5%          3    #......
f - Metabolic Englaciati  Hex/Ice        ####......   24%         5    #####..
g - Gell's Gravitas       Tloc           ###.......   13%         3    #......

Your spell library contained the following spells:

 Spells                   Type           Power        Failure   Level  Hunger
 Freeze                   Ice            ####         1%          1    None
 Shock                    Conj/Air       ####         1%          1    None
 Swiftness                Chrm/Air       ####....     2%          2    None
 Confusing Touch          Hex            ###.....     8%          3    #......
 Poisonous Vapours        Pois/Air       ##....       9%          2    None
 Mephitic Cloud           Conj/Pois/Air  ###.....     10%         3    #......
 Beastly Appendage        Tmut           #.....       13%         1    None
 Sting                    Tmut/Pois      #...         13%         1    None
 Sticks to Snakes         Tmut           #.......     19%         2    None
 Ice Form                 Ice/Tmut       ###.....     21%         4    ###....
 Summon Ice Beast         Ice/Summ       ###.....     21%         4    ###....
 Airstrike                Air            ###.......   24%         4    ###....
 Ignite Poison            Fire/Tmut/Pois #.......     36%         3    #......
 Spider Form              Tmut/Pois      #.........   36%         3    #......
 Lightning Bolt           Conj/Air       ####......   43%         5    #####..
 Olgreb's Toxic Radiance  Pois           #.......     77%         4    ###....
 Petrify                  Tmut/Erth      #.......     77%         4    ###....
 Yara's Violent Unravell  Hex/Tmut       ##........   83%         5    #####..
 Blade Hands              Tmut           #.........   98%         5    #####..


Dungeon Overview and Level Annotations

Branches:
Dungeon (11/15)            Temple (1/1) D:7            Lair (0/6) D:10
    Orc: D:9-12

Altars:
Ashenzari
Cheibriados
Dithmenos
Fedhas
Gozag
Hepliaklqana
Kikubaaqudgha
Makhleb
Nemelex Xobeh
Okawaru
Ru
Sif Muna
Trog
Uskayaw
Vehumet
Wu Jian
Xom
Yredelemnul
Zin
The Shining One

Shops:
D:4 *   D:10 [[:=%

Annotations:
D:11 Josephine, Maurice, Snorg


Innate Abilities, Weirdness & Mutations

Your skin changes colour to match your surroundings (Stealth+).
You can translocate small distances at will.
You are resistant to electric shocks. (rElec)


Message History

Snorg claws you.
* * * LOW HITPOINT WARNING * * *
Snorg barely misses you.
The wall freezes Snorg.
Snorg barely misses you. Snorg misses you. Snorg claws you.
* * * LOW HITPOINT WARNING * * *
A red film seems to cover your vision as you go berserk!
You feel yourself moving faster!
You feel mighty!
The wall freezes Snorg.
Snorg misses you. Snorg claws you.
* * * LOW HITPOINT WARNING * * *
Snorg completely misses you.
You closely miss Snorg.
Snorg is heavily wounded.
The wall freezes Snorg.
Snorg bites you but does no damage. Snorg misses you. Snorg claws you!
* * * LOW HITPOINT WARNING * * *
The wall freezes Snorg!
Snorg misses you. Snorg claws you but does no damage. x2
You slash Snorg!
Snorg is severely wounded.
The wall freezes Snorg.
Snorg bites you!!
You die...

#.....>..#
####.###.##.#
#....รท..<#
#.##.##........#
#.##.##.###....#
#.##.##<# ####
#.##.##.######
#.##.##......#
#....@T)[....###
####.###).......
#.# #.....##.
#.# #.T.$.# ..#
......... .##
.###..##. #. #$
..# #. #. .. #.
.#.


You could see Snorg (berserk, corroded).

Vanquished Creatures
  Erolcha (D:9)
  A hydra (D:10)
  A centaur warrior (D:10)
  3 two-headed ogres
  A skeletal warrior (D:10)
  Pikel (D:9)
  A cyclops (D:10)
  Psyche (D:8)
  Joseph (D:7)
  A hornet (D:10)
  A troll (D:10)
  3 wyverns
  Sigmund (D:4)
  4 yaks (D:9)
  Eustachio (D:5)
  2 hungry ghosts (D:7)
  A steam dragon (D:9)
  A human (D:8)
  4 hogs (D:8)
  A vampire mosquito (D:10)
  2 orc warriors
  A black bear (D:7)
  2 phantoms (D:6)
  A slave (D:9)
  2 ice beasts
  A sky beast (D:6)
  A necrophage (D:10)
  5 ogres
  4 centaurs
  5 bullfrogs
  6 scorpions
  5 killer bees (D:9)
  8 wights
  6 howler monkeys
  7 crimson imps
  A centaur zombie (D:10)
  A bullfrog zombie (D:10)
  2 hounds
  3 jellies
  5 bullfrog skeletons
  4 orc priests
  Jessica (D:2)
  Ijyb (D:5)
  2 iguanas
  3 orc wizards
  5 worker ants
  A hound zombie (D:6)
  A mummy (D:10)
  A howler monkey zombie (D:10)
  A worker ant zombie (D:10)
  4 gnolls (D:4)
  15 adders
  2 shadow imps
  An ooze (D:3)
  2 adder zombies
  2 worms
  5 dart slugs
  5 leopard geckos
  36 orcs
  3 ball pythons
  5 giant cockroaches
  8 goblins
  7 hobgoblins
  7 jackals
  3 kobolds
  2 quokkas
  6 bats
  5 frilled lizards
  7 rats
244 creatures vanquished.

Vanquished Creatures (others)
  2 slaves (D:9)
  An iguana (D:9)
  An orc (D:9)
  A leopard gecko skeleton (D:9)
5 creatures vanquished.

Grand Total: 249 creatures vanquished

Notes
Turn   | Place    | Note
-------+----------+-------------------------------------------
     0 | D:1      | Revguard the Human Ice Elementalist began the quest for the
                  | Orb.
     0 | D:1      | Reached XP level 1. HP: 13/13 MP: 3/3
   108 | D:1      | Reached XP level 2. HP: 13/19 MP: 0/5
   537 | D:1      | Reached XP level 3. HP: 23/24 MP: 0/6
   559 | D:1      | Learned a level 3 spell: Frozen Ramparts
  1237 | D:2      | Noticed Jessica
  1243 | D:2      | Killed Jessica
  1243 | D:2      | Reached XP level 4. HP: 6/30 MP: 0/7
  1519 | D:2      | Reached skill level 5 in Ice Magic
  1572 | D:2      | Found an opulent altar of Gozag.
  2386 | D:2      | You fall into a shaft and drop 1 floor!
  2396 | D:3      | Reached XP level 5. HP: 29/35 MP: 6/8
  2407 | D:3      | Learned a level 4 spell: Hailstorm
  2724 | D:3      | Reached skill level 1 in Conjurations
  3110 | D:3      | You fall into a shaft and drop 2 floors!
  3110 | D:5      | Entered Level 5 of the Dungeon
  3126 | D:5      | Reached skill level 1 in Polearms
  3126 | D:5      | Reached XP level 6. HP: 42/42 MP: 6/10
  3182 | D:5      | Found a basalt altar of Yredelemnul.
  3310 | D:5      | Noticed a two-headed ogre
  3342 | D:4      | Noticed Sigmund
  3624 | D:4      | Killed Sigmund
  3624 | D:4      | Reached skill level 1 in Fighting
  3624 | D:4      | Reached skill level 1 in Maces & Flails
  3624 | D:4      | Reached XP level 7. HP: 48/48 MP: 5/12
  3809 | D:4      | Found Fuhuoh's General Store.
  4407 | D:4      | Reached XP level 8. HP: 54/54 MP: 12/14
  4726 | D:5      | Killed a two-headed ogre
  4726 | D:5      | Reached skill level 5 in Spellcasting
  4726 | D:5      | Reached skill level 6 in Ice Magic
  4923 | D:5      | Learned a level 3 spell: Ozocubu's Armour
  4998 | D:5      | Reached XP level 9. HP: 61/61 MP: 12/16
  5472 | D:5      | Noticed Eustachio
  5477 | D:5      | Killed Eustachio
  5664 | D:5      | Noticed Ijyb
  5673 | D:5      | Killed Ijyb
  5902 | D:6      | Reached skill level 1 in Charms
  6215 | D:6      | Reached skill level 7 in Ice Magic
  6861 | D:7      | Reached skill level 5 in Polearms
  6869 | D:7      | Noticed Joseph
  6870 | D:7      | Reached XP level 10. HP: 50/70 MP: 4/18
  6954 | D:7      | Killed Joseph
  6994 | D:7      | Gained mutation: You can translocate small distances at
                  | will. [potion of mutation]
  6994 | D:7      | Gained mutation: Your skin changes colour to match your
                  | surroundings (Stealth+). [potion of mutation]
  6994 | D:7      | Gained mutation: You are resistant to electric shocks.
                  | (rElec) [potion of mutation]
  7275 | D:7      | Found a staircase to the Ecumenical Temple.
  7294 | Temple   | Entered the Ecumenical Temple
  7399 | Temple   | Became a worshipper of Sif Muna the Loreminder
  8053 | D:8      | Found a sparkling altar of Nemelex Xobeh.
  8092 | D:8      | Found a radiant altar of Vehumet.
  8093 | D:8      | Found an iron altar of Okawaru.
  8094 | D:8      | Noticed a two-headed ogre
  8095 | D:8      | Found a glowing silver altar of Zin.
  8108 | D:8      | Killed a two-headed ogre
  8147 | D:8      | Noticed Psyche
  9138 | D:8      | Reached skill level 8 in Ice Magic
  9138 | D:8      | Reached XP level 11. HP: 76/77 MP: 21/21
  9193 | D:9      | Learned a level 3 spell: Static Discharge
  9316 | D:9      | Noticed Pikel
  9328 | D:9      | Killed Pikel
  9328 | D:9      | Reached skill level 1 in Air Magic
  9333 | D:9      | Reached * piety under Sif Muna
  9523 | D:9      | Noticed a two-headed ogre
  9534 | D:9      | Killed a two-headed ogre
  9534 | D:9      | Reached skill level 5 in Dodging
  9534 | D:9      | Reached skill level 5 in Charms
  9989 | D:9      | Noticed Erolcha
 10033 | D:9      | Killed Erolcha
 10243 | D:8      | Killed Psyche
 10415 | D:9      | Found a shadowy altar of Dithmenos.
 10461 | D:9      | Learned a level 5 spell: Metabolic Englaciation
 10465 | D:9      | Learned a level 3 spell: Gell's Gravitas
 11134 | D:10     | Entered Level 10 of the Dungeon
 11152 | D:10     | Found Rogemof's Food Shop.
 11172 | D:10     | Found Zage's Jewellery Emporium.
 11393 | D:10     | Found Coneu's Armour Shop.
 11440 | D:10     | Found Xacoboum's Armour Shop.
 11459 | D:10     | Found a staircase to the Lair.
 11533 | D:10     | Reached ** piety under Sif Muna
 11555 | D:10     | Noticed a skeletal warrior
 11555 | D:10     | Noticed a six-headed hydra
 11555 | D:10     | Noticed a centaur warrior
 11556 | D:10     | Noticed a cyclops
 11881 | D:10     | Killed a seven-headed hydra
 11881 | D:10     | Reached skill level 5 in Stealth
 11881 | D:10     | Reached XP level 12. HP: 46/84 MP: 10/22
 11899 | D:10     | Killed a skeletal warrior
 12016 | D:10     | Killed a centaur warrior
 12016 | D:10     | Reached skill level 5 in Conjurations
 12161 | D:4      | Bought a potion of experience for 650 gold pieces
 12163 | D:4      | Reached skill level 9 in Ice Magic
 12163 | D:4      | Reached XP level 13. HP: 75/90 MP: 24/24
 12311 | D:11     | Noticed Josephine
 12311 | D:11     | Noticed Maurice
 12420 | D:10     | Found Ocvy Jogh's Book Shop.
 12731 | D:11     | Noticed Snorg
 12747 | D:11     | Mangled by Snorg

Illustrated notes

Levels and vault maps discovered:
D:1:      psy_arrival_basics, layout_basic
D:2:      layout_loops_ring, lemuel_coloured_pillars_altar, uniq_jessica
D:3:      layout_rooms, palyth_stone_intersect
D:4:      layout_rooms, nicolae_overflow_hidden_temple, serial_shops, shop,
          first_ration, hangedman_decor_growths, uniq_sigmund
D:5:      layout_gridville, yredelemnul_altar_generic, minivault_5,
          uniq_eustachio, uniq_ijyb
D:6:      layout_loops_ring
D:7:      layout_basic, minmay_temple_entry_arrows, uniq_joseph
D:8:      layout_loops_ring, nemelex_xobeh_ov_fountains_minmay,
          grunt_temple_overflow_open, grunt_livestock, skrybe_limestone_x,
          uniq_psyche, uniq_harold
D:9:      layout_cave_pools, lemuel_crystal_altar, uniq_pikel, uniq_erolcha
D:10:     minmay_chambers_of_sevens, layout_rooms, lair_entry_dummy,
          serial_shops, shop, shop, nicolae_shop_window_shopping,
          nicolae_shop_waterfront, kennysheep_mini, serial_undead,
          serial_undead_c, serial_undead_f, serial_undead_b, serial_undead_d
D:11:     layout_loops_cross, uniq_snorg, uniq_josephine, uniq_maurice
Temple:   cyrus_circular_temple

Skill      XL: |  1  2  3  4  5  6  7  8  9 10 11 12 |
---------------+-------------------------------------+-----
Ice Magic      | 5 6 7 8 9 |  9.2
Conjurations   | 1 2 4 5 |  5.8
Polearms       | 1 2 5 6 8 |  8.6
Spellcasting   | 3 4 5 6 7 |  7.5
Fighting       | 1 2 3 4 |  4.9
Maces & Flails | 1 |  1.2
Stealth        | 3 4 5 |  5.0
Dodging        | 3 4 5 6 |  6.3
Charms         | 2 4 5 6 |  6.2
Air Magic      | 3 4 |  4.2
Staves         | 2 |  2.7
Hexes          | 4 |  4.1
Translocations | 2 |  2.7
Evocations     | 2 |  2.9
Unarmed Combat | |  0.2

Action                   |  1- 3 |  4- 6 |  7- 9 | 10-12 | 13-15 || total
-------------------------+-------+-------+-------+-------+-------++-------
Melee: Unarmed           |    16 |       |       |       |       ||    16
       Spear             |    24 |    31 |       |       |       ||    55
       Flail             |       |    16 |       |       |       ||    16
       Staff             |       |    14 |       |       |       ||    14
       Scythe            |       |       |   130 |   218 |    20 ||   368
 Cast: Freeze            |    23 |    21 |    13 |     6 |       ||    63
       Frozen Ramparts   |     2 |    15 |    22 |    34 |     3 ||    76
       Hailstorm         |       |       |     6 |     9 |       ||    15
       Ozocubu's Armour  |       |       |       |     3 |     1 ||     4
       Static Discharge  |       |       |       |     1 |       ||     1
       Gell's Gravitas   |       |       |       |     1 |       ||     1
Evoke: Wand              |       |       |       |     7 |     4 ||    11
  Use: Scroll            |     2 |     8 |     6 |    11 |     1 ||    28
       Potion            |       |       |     2 |    10 |     2 ||    14
 Stab: Sleeping          |       |     3 |     4 |     4 |       ||    11
       Invisible         |       |       |       |     1 |       ||     1
  Eat: Chunk             |     2 |     8 |    14 |    24 |     2 ||    50
       Ration            |       |       |       |     2 |       ||     2
Armor: Robe              |     8 |    14 |    51 |    61 |     4 ||   138
       Troll leather arm |       |       |       |       |     4 ||     4
Dodge: Dodged            |    41 |    60 |   160 |   304 |    44 ||   609
